 Dungeon Crawl Stone Soup version 0.23.1-37-gaa34b87b72 (webtiles) character file.

Game seed: 9676696499905441939

535 GGGomer the Chopper (level 7, -9/61 HPs)
             Began as a Minotaur Fighter on Mar 21, 2019.
             Was an Initiate of Ashenzari.
             Killed by divine providence
             ... invoked by an orc priest
              (13 damage)
             ... on level 4 of the Dungeon.
             The game lasted 00:08:02 (3675 turns).

GGGomer the Chopper (Minotaur Fighter)              Turns: 3675, Time: 00:08:02

Health: -9/61      AC:  9    Str: 22    XL:     7   Next: 4%
Magic:  6/6        EV:  6    Int:  5    God:    Ashenzari [......]
Gold:   156        SH: 10    Dex: 10    Spells: 6/6 levels left

rFire    . . .     SeeInvis .   a - +0 war axe
rCold    . . .     Gourm    .   c - +0 shield
rNeg     . . .     Faith    .   k - +0 chain mail
rPois    .         Spirit   .   n - +0 hat {MR+}
rElec    .         Reflect  .   (no cloak)
rCorr    .         Harm     .   (no gloves)
MR       +....                  (no boots)
Stlth    ..........             (no amulet)
HPRegen  0.20/turn              (no ring)
MPRegen  0.10/turn              (no ring)

@: no status effects
A: retaliatory headbutt, horns 2
a: Curse Item, Renounce Religion


You were on level 4 of the Dungeon.
You worshipped Ashenzari.
Ashenzari was noncommittal.
You were not hungry.

You visited 1 branch of the dungeon, and saw 4 of its levels.

You collected 156 gold pieces.

Inventory:

Hand Weapons
 a - a +0 war axe (weapon)
Armour
 c - a +0 shield (worn)
 k - a +0 chain mail (worn)
 n - a +0 hat of magic resistance (worn)
Scrolls
 e - a scroll of enchant armour
 h - a scroll of teleportation
 j - a scroll of noise
 m - 2 scrolls of remove curse
 o - 2 scrolls of amnesia
Potions
 b - 3 potions of curing
 d - 3 potions of might
 g - 3 potions of degeneration {unknown}
 i - a potion of resistance {unknown}
 l - 2 potions of brilliance {unknown}
 p - a potion of lignification {unknown}
Comestibles
 f - 10 rations


   Skills:
 + Level 5.1 Fighting
 + Level 5.8 Axes
 + Level 5.3 Armour
 + Level 0.7 Dodging
 + Level 0.7 Stealth
 + Level 5.5 Shields


You had 6 spell levels left.
You didn't know any spells.
Your spell library was empty.

Dungeon Overview and Level Annotations

Branches:
Dungeon (4/15)
 Temple: D:4-7

Altars:
Ashenzari
Gozag


Innate Abilities, Weirdness & Mutations

You reflexively headbutt those who attack you in melee.
You have a pair of horns on your head.


Message History

The orc priest mumbles some strange prayers to Beogh against you.
Beogh smites you! You block the orc priest's attack.
You slash the orc priest!
You kill the orc priest!
You have reached level 7!
You barely miss the orc priest. You block the orc priest's attack.
You closely miss the orc priest. You headbutt the orc priest.
The orc priest is severely wounded.
The orc priest hits you with a +0 short sword.
* * * LOW HITPOINT WARNING * * *
You hit the orc priest but do no damage.
The orc priest is severely wounded.
The orc priest calls down the wrath of Beogh upon you.
Pain shoots through your body!
* * * LOW HITPOINT WARNING * * *
The orc wizard casts a spell.
The orc wizard blinks!
The orc priest calls down the wrath of Beogh upon you.
Beogh smites you!
You die...

### ### # .. ..
.# #.#.## ..
######....##.##
#.....o.#..ยง...
#)@..# #.#.##
#.#.# #.#.####
#.#....#
#.####.#
#.####.##
########.......#
........)####..#


You could see an orc priest.

Vanquished Creatures
  A phantom (D:4)
  An ogre (D:4)
  A scorpion (D:4)
  A hound (D:4)
  An orc priest (D:4)
  Natasha (thrice) (D:3)
  7 adders
  An ooze (D:3)
  6 worms
  4 dart slugs
  3 leopard geckos
  3 orcs
  A ball python (D:1)
  4 giant cockroaches
  10 goblins
  3 hobgoblins
  7 jackals
  8 kobolds
  11 bats
  4 frilled lizards
  9 rats
89 creatures vanquished.

Notes
Turn   | Place    | Note
-------+----------+-------------------------------------------
     0 | D:1      | GGGomer the Minotaur Fighter began the quest for the Orb.
     0 | D:1      | Reached XP level 1. HP: 19/19 MP: 0/0
   196 | D:1      | Reached XP level 2. HP: 27/27 MP: 1/1
   821 | D:2      | Reached XP level 3. HP: 32/33 MP: 2/2
   948 | D:2      | Reached XP level 4. HP: 31/41 MP: 3/3
  1491 | D:2      | Found a shattered altar of Ashenzari.
  2034 | D:3      | Found an opulent altar of Gozag.
  2061 | D:3      | Reached XP level 5. HP: 47/47 MP: 4/4
  2252 | D:3      | Noticed Natasha
  2265 | D:3      | Killed Natasha
  2360 | D:3      | Noticed Natasha
  2372 | D:3      | Killed Natasha
  2399 | D:3      | Noticed Natasha
  2406 | D:3      | Killed Natasha
  2406 | D:3      | Reached skill level 5 in Shields
  3070 | D:2      | Became a worshipper of Ashenzari the Shackled
  3234 | D:4      | Reached XP level 6. HP: 48/55 MP: 5/5
  3369 | D:4      | Reached skill level 5 in Fighting
  3369 | D:4      | Reached skill level 5 in Axes
  3369 | D:4      | Reached skill level 5 in Armour
  3673 | D:4      | Reached XP level 7. HP: 19/61 MP: 6/6
  3675 | D:4      | Killed from afar by an orc priest

Skill      XL: |  1  2  3  4  5  6 |
---------------+-------------------+-----
Shields        | 4 5 |  5.5
Armour         | 4 5 |  5.3
Fighting       | 4 5 |  5.1
Axes           | 3 4 5 |  5.8
Dodging        | |  0.7
Stealth        | |  0.7

Action                   |  1- 3 |  4- 6 |  7- 9 || total
-------------------------+-------+-------+-------++-------
Melee: War axe           |    65 |   156 |     2 ||   223
       Headbutt          |    13 |    23 |     1 ||    37
  Use: Scroll            |     1 |     4 |       ||     5
  Eat: Chunk             |       |     6 |       ||     6
       Ration            |       |     1 |       ||     1
Armor: Scale mail        |    27 |       |       ||    27
       Chain mail        |     8 |    86 |       ||    94
Dodge: Dodged            |    15 |    45 |       ||    60
Block: Shield            |    34 |    94 |     1 ||   129
